TOP OF THE 1ST |
Chicago White Sox batting - Pitching for Oakland Athletics : RHP Danny Darwin
|
Pitching: RHP Danny Darwin
|
|
Batting: SHB Ozzie Smith
|
0-0: Foul Ball, location: 2F 0-1: Ground out 4-3 (Groundball, 4, EV 83.1 MPH)
|
Batting: LHB Mitchell Page
|
0-0: Ground out 4-3 (Groundball, 34D, EV 83.8 MPH)
|
Batting: RHB Kevin McReynolds
|
0-0: Called Strike 0-1: Swinging Strike 0-2: Strikes out swinging
|
Top of the 1st over - 0 runs, 0 hits, 0 errors, 0 left on base; Chicago 0 - Oakland 0 |
BOTTOM OF THE 1ST |
Oakland Athletics batting - Pitching for Chicago White Sox : RHP Ray Corbin
|
Pitching: RHP Ray Corbin
|
|
Batting: SHB Mike Turgeon
|
0-0: Ball 1-0: SINGLE (Flyball, 89S, EV 90.6 MPH)
|
Batting: LHB Ruppert Jones
|
0-0: Ball 1-0: Called Strike 1-1: Ball 2-1: Ball 3-1: Called Strike 3-2: Fly out, F9 (Flyball, 9D, EV 85.6 MPH)
|
Batting: RHB Dave Henderson
|
0-0: Called Strike 0-1: Fly out, F9 (Flyball, 9S, EV 83.1 MPH)
|
Batting: LHB Reggie Jackson
|
0-0: Called Strike 0-1: Called Strike 0-2: Ball Pickoff Throw to First - Error! E1 Mike Turgeon to second 1-2: Fly out, F8 (Flyball, 8RM, EV 98.1 MPH)
|
Bottom of the 1st over - 0 runs, 1 hit, 1 error, 1 left on base; Chicago 0 - Oakland 0 |
TOP OF THE 2ND |
Chicago White Sox batting - Pitching for Oakland Athletics : RHP Danny Darwin
|
Batting: RHB Tim Teufel
|
0-0: Called Strike 0-1: Fly out, F4 (Popup, 4, EV 56.9 MPH)
|
Batting: SHB Dwayne Taggart
|
0-0: Ball 1-0: Swinging Strike 1-1: Ball 2-1: Ground out 6-3 (Groundball, 6, EV 86.9 MPH)
|
Batting: RHB Mike A Marshall
|
0-0: Called Strike 0-1: Called Strike 0-2: Ground out 3-1 (Groundball, 34, EV 88.8 MPH)
|
Top of the 2nd over - 0 runs, 0 hits, 0 errors, 0 left on base; Chicago 0 - Oakland 0 |
BOTTOM OF THE 2ND |
Oakland Athletics batting - Pitching for Chicago White Sox : RHP Ray Corbin
|
Batting: RHB George Hendrick
|
0-0: Foul Ball, location: 2F 0-1: Called Strike 0-2: Ball 1-2: Foul Ball, location: 2F 1-2: Fly out, F7 (Flyball, 7LM, EV 94.4 MPH)
|
Batting: RHB Barry Evans
|
0-0: Called Strike 0-1: Ball 1-1: Ground out 6-3 (Groundball, 6, EV 81.9 MPH)
|
Batting: LHB Ben Oglivie
|
0-0: Called Strike 0-1: Swinging Strike 0-2: Foul Ball, location: 2F 0-2: SINGLE (Groundball, 6MD, EV 95.0 MPH)
|
Batting: RHB Fred Andrews
|
0-0: DOUBLE (Line Drive, 9LM, EV 92.5 MPH) Ben Oglivie to third Runner from 3rd tries for Home, SAFE, throw by RF to home
|
Batting: RHB Barry Foote
|
0-0: Called Strike 0-1: Ball 1-1: Swinging Strike 1-2: Foul Ball, location: 2F 1-2: Strikes out swinging
|
Bottom of the 2nd over - 1 run, 2 hits, 0 errors, 1 left on base; Chicago 0 - Oakland 1 |
TOP OF THE 3RD |
Chicago White Sox batting - Pitching for Oakland Athletics : RHP Danny Darwin
|
Batting: RHB Mike Heath
|
0-0: Called Strike 0-1: Ground out 5-3 (Groundball, 56, EV 101.9 MPH)
|
Batting: LHB Ryan MacFarland
|
0-0: Ball 1-0: Called Strike 1-1: Foul Ball, location: 2F 1-2: Ball 2-2: Ball 3-2: Strikes out swinging
|
Batting: LHB Steve Christmas
|
0-0: Ball 1-0: Ball 2-0: Ball 3-0: Called Strike 3-1: Base on Balls
|
Batting: SHB Ozzie Smith
|
0-0: Called Strike 0-1: Ball 1-1: Swinging Strike 1-2: Hit by Pitch Steve Christmas to second
|
Batting: LHB Mitchell Page
|
0-0: Ball 1-0: Ball 2-0: Fly out, F7 (Flyball, 7D, EV 82.5 MPH)
|
Top of the 3rd over - 0 runs, 0 hits, 0 errors, 2 left on base; Chicago 0 - Oakland 1 |
BOTTOM OF THE 3RD |
Oakland Athletics batting - Pitching for Chicago White Sox : RHP Ray Corbin
|
Batting: SHB Mike Turgeon
|
0-0: Fly out, F8 (Flyball, 8RM, EV 93.1 MPH)
|
Batting: LHB Ruppert Jones
|
0-0: Ball 1-0: Ball 2-0: Fly out, F9 (Line Drive, 9, EV 92.5 MPH)
|
Batting: RHB Dave Henderson
|
0-0: SOLO HOME RUN (Flyball, 89XD, EV 93.1 MPH), Distance : 440 ft
|
Batting: LHB Reggie Jackson
|
0-0: Called Strike 0-1: Ground out U3 (Groundball, 3, EV 89.4 MPH)
|
Bottom of the 3rd over - 1 run, 1 hit, 0 errors, 0 left on base; Chicago 0 - Oakland 2 |
TOP OF THE 4TH |
Chicago White Sox batting - Pitching for Oakland Athletics : RHP Danny Darwin
|
Batting: RHB Kevin McReynolds
|
0-0: Ball 1-0: Called Strike 1-1: Ball 2-1: Called Strike 2-2: Strikes out looking
|
Batting: RHB Tim Teufel
|
0-0: Called Strike 0-1: Called Strike 0-2: Ground out 5-3 (Groundball, 56S, EV 76.3 MPH)
|
Batting: SHB Dwayne Taggart
|
0-0: Called Strike 0-1: Foul Ball, location: 2F 0-2: Fly out, F7 (Flyball, 78M, EV 88.1 MPH)
|
Top of the 4th over - 0 runs, 0 hits, 0 errors, 0 left on base; Chicago 0 - Oakland 2 |
BOTTOM OF THE 4TH |
Oakland Athletics batting - Pitching for Chicago White Sox : RHP Ray Corbin
|
Batting: RHB George Hendrick
|
0-0: Swinging Strike 0-1: Foul Ball, location: 2F 0-2: SINGLE (Groundball, 56D, EV 98.1 MPH)
|
Batting: RHB Barry Evans
|
0-0: Ball 1-0: Ball 2-0: Fielders Choice at 2nd, 5-4 (Groundball, 5L, EV 89.4 MPH)
|
Batting: LHB Ben Oglivie
|
0-0: Ball 1-0: Called Strike 1-1: Fly out, F9 (Flyball, 9LM, EV 90.0 MPH)
|
Batting: RHB Fred Andrews
|
0-0: Called Strike 0-1: Ball 1-1: Ball 2-1: Called Strike 2-2: Strikes out swinging
|
Bottom of the 4th over - 0 runs, 1 hit, 0 errors, 1 left on base; Chicago 0 - Oakland 2 |
TOP OF THE 5TH |
Chicago White Sox batting - Pitching for Oakland Athletics : RHP Danny Darwin
|
Batting: RHB Mike A Marshall
|
0-0: Ball 1-0: Fly out, F7 (Flyball, 7LM, EV 81.9 MPH)
|
Batting: RHB Mike Heath
|
0-0: Ball 1-0: Foul Ball, location: 2F 1-1: Reached on error, E3 (Groundball, 34, EV 87.5 MPH)
|
Batting: LHB Ryan MacFarland
|
0-0: Ball 1-0: Swinging Strike 1-1: Grounds out, U3 (Groundball, 3L, EV 90.6 MPH)
|
Batting: LHB Steve Christmas
|
0-0: Foul Ball, location: 2F 0-1: Fly out, F3 (Line Drive, 3, EV 73.8 MPH)
|
Top of the 5th over - 0 runs, 0 hits, 1 error, 1 left on base; Chicago 0 - Oakland 2 |
BOTTOM OF THE 5TH |
Oakland Athletics batting - Pitching for Chicago White Sox : RHP Ray Corbin
|
Batting: RHB Barry Foote
|
0-0: Fly out, F6 (Flyball, 56D, EV 90.0 MPH)
|
Batting: SHB Mike Turgeon
|
0-0: Fly out, F8 (Flyball, 8RM, EV 86.9 MPH)
|
Batting: LHB Ruppert Jones
|
0-0: Foul Ball, location: 2F 0-1: Ball 1-1: Ball 2-1: Called Strike 2-2: Ground out U3 (Groundball, 34S, EV 89.4 MPH)
|
Bottom of the 5th over - 0 runs, 0 hits, 0 errors, 0 left on base; Chicago 0 - Oakland 2 |
TOP OF THE 6TH |
Chicago White Sox batting - Pitching for Oakland Athletics : RHP Danny Darwin
|
Batting: SHB Ozzie Smith
|
0-0: Ball 1-0: Ball 2-0: Called Strike 2-1: Swinging Strike 2-2: SINGLE (Groundball, 4MD, EV 104.4 MPH)
|
Batting: LHB Mitchell Page
|
0-0: Ball Ozzie Smith steals 2nd base 1-0: Ball 2-0: Sac Bunt to 2R - play at first, batter OUT! 2-3 Ozzie Smith to third
|
Batting: RHB Kevin McReynolds
|
0-0: Foul Ball, location: 2F 0-1: Foul Ball, location: 2F 0-2: Foul Ball, location: 2F 0-2: Ball 1-2: Ball 2-2: Foul Ball, location: 2F 2-2: Ball 3-2: Strikes out swinging
|
Batting: RHB Tim Teufel
|
0-0: Called Strike 0-1: Fly out, F7 (Flyball, 78S, EV 91.3 MPH)
|
Top of the 6th over - 0 runs, 1 hit, 0 errors, 1 left on base; Chicago 0 - Oakland 2 |
BOTTOM OF THE 6TH |
Oakland Athletics batting - Pitching for Chicago White Sox : RHP Ray Corbin
|
Batting: RHB Dave Henderson
|
0-0: Called Strike 0-1: Foul Ball, location: 2F 0-2: SINGLE (Groundball, 25, EV 71.9 MPH) (infield hit)
|
Batting: LHB Reggie Jackson
|
0-0: Ball 1-0: Fly out, F9 (Flyball, 9, EV 94.4 MPH)
|
Batting: RHB George Hendrick
|
0-0: Ground out 5-3 (Groundball, 56S, EV 65.6 MPH) Dave Henderson to second
|
Batting: RHB Barry Evans
|
0-0: Ball 1-0: Ball 2-0: SINGLE (Line Drive, 4MD, EV 103.1 MPH) Dave Henderson to third Runner from 3rd tries for Home, throw by CF and OUT! 8-2
|
Bottom of the 6th over - 0 runs, 2 hits, 0 errors, 1 left on base; Chicago 0 - Oakland 2 |
TOP OF THE 7TH |
Chicago White Sox batting - Pitching for Oakland Athletics : RHP Danny Darwin
|
Batting: SHB Dwayne Taggart
|
0-0: Ball 1-0: Foul Ball, location: 2F 1-1: Foul Ball, location: 2F 1-2: SINGLE (Groundball, 34, EV 95.6 MPH)
|
Batting: RHB Mike A Marshall
|
0-0: Called Strike 0-1: Foul Ball, location: 2F 0-2: Strikes out looking
|
Batting: RHB Mike Heath
|
0-0: Ball Dwayne Taggart steals 2nd, throwing error, E2 Dwayne Taggart to third 1-0: Ball 2-0: Ball 3-0: Ground out 4-3 (Groundball, 4, EV 81.9 MPH) Dwayne Taggart scores
|
Batting: LHB Ryan MacFarland
|
0-0: Ball 1-0: Fly out, F6 (Popup, 6M, EV 62.5 MPH)
|
Top of the 7th over - 1 run, 1 hit, 1 error, 0 left on base; Chicago 1 - Oakland 2 |
BOTTOM OF THE 7TH |
Oakland Athletics batting - Pitching for Chicago White Sox : RHP Ray Corbin
|
Batting: LHB Ben Oglivie
|
0-0: Swinging Strike 0-1: Ball 1-1: Foul Ball, location: 2F 1-2: Ball 2-2: Ball 3-2: Ground out 6-3 (Groundball, 6, EV 85.0 MPH)
|
Batting: RHB Fred Andrews
|
0-0: Called Strike 0-1: Fly out, F8 (Flyball, 8LD, EV 98.1 MPH)
|
Batting: RHB Barry Foote
|
0-0: Foul Ball, location: 2F 0-1: Ball 1-1: Ball 2-1: Ground out 4-3 (Groundball, 4M, EV 101.9 MPH)
|
Bottom of the 7th over - 0 runs, 0 hits, 0 errors, 0 left on base; Chicago 1 - Oakland 2 |
TOP OF THE 8TH |
Chicago White Sox batting - Pitching for Oakland Athletics : RHP Danny Darwin
|
Batting: LHB Steve Christmas
|
0-0: Foul Ball, location: 2F 0-1: Called Strike 0-2: Foul Ball, location: 2F 0-2: Foul Ball, location: 2F 0-2: Fly out, F9 (Flyball, 89D, EV 84.4 MPH)
|
Batting: SHB Ozzie Smith
|
0-0: Ball 1-0: Ball 2-0: Foul Ball, location: 2F 2-1: Ball 3-1: Foul Ball, location: 2F 3-2: Base on Balls
|
Batting: LHB Mitchell Page
|
0-0: Ball 1-0: SINGLE (Flyball, 8RS, EV 91.3 MPH) Ozzie Smith to second Runner from 2nd tries for 3rd, SAFE, no throw by CF
|
Batting: RHB Kevin McReynolds
|
0-0: Called Strike 0-1: Called Strike 0-2: Ball 1-2: Ball 2-2: SINGLE (Line Drive, 8RS, EV 102.5 MPH) Ozzie Smith scores Mitchell Page to second
|
Batting: RHB Tim Teufel
|
0-0: Ball 1-0: SINGLE (Line Drive, 89S, EV 101.9 MPH) Mitchell Page to third Kevin McReynolds to second Runner from 3rd tries for Home, SAFE, throw by RF to home
|
Batting: SHB Dwayne Taggart
|
0-0: Called Strike 0-1: Swinging Strike 0-2: Foul Ball, location: 2F 0-2: Fielders Choice at 2nd, 3-6 (Groundball, 3, EV 82.5 MPH) Kevin McReynolds to third
|
Batting: RHB Mike A Marshall
|
0-0: Foul Ball, location: 2F 0-1: Ball 1-1: Ground out 5-3 (Groundball, 56S, EV 74.4 MPH)
|
Top of the 8th over - 2 runs, 3 hits, 0 errors, 2 left on base; Chicago 3 - Oakland 2 |
BOTTOM OF THE 8TH |
Oakland Athletics batting - Pitching for Chicago White Sox : RHP Ray Corbin
|
Batting: SHB Mike Turgeon
|
0-0: Ball 1-0: Called Strike 1-1: Called Strike 1-2: Ball 2-2: Foul Ball, location: 2F 2-2: Ball 3-2: Foul Ball, location: 2F 3-2: Foul Ball, location: 2F 3-2: Foul Ball, location: 2F 3-2: Ground out 4-3 (Groundball, 34, EV 85.0 MPH)
|
Batting: LHB Ruppert Jones
|
0-0: Foul Ball, location: 2F 0-1: Swinging Strike 0-2: Foul Ball, location: 2F 0-2: Strikes out looking
|
Batting: RHB Dave Henderson
|
0-0: Called Strike 0-1: Foul Ball, location: 2F 0-2: Foul Ball, location: 2F 0-2: Ground out 6-3 (Groundball, 6, EV 105.6 MPH)
|
Bottom of the 8th over - 0 runs, 0 hits, 0 errors, 0 left on base; Chicago 3 - Oakland 2 |
TOP OF THE 9TH |
Chicago White Sox batting - Pitching for Oakland Athletics : RHP Danny Darwin
|
Batting: RHB Mike Heath
|
0-0: SINGLE (Line Drive, 7S, EV 91.9 MPH)
|
Batting: LHB Ryan MacFarland
|
0-0: Ball 1-0: Called Strike 1-1: Bunted foul 1-2: Foul Ball, location: 2F 1-2: Ground out 4-3 (Groundball, 4S, EV 66.3 MPH) Mike Heath to second
|
Batting: LHB Steve Christmas
|
0-0: Called Strike 0-1: Ball 1-1: Fly out, F7 (Line Drive, 7, EV 91.9 MPH)
|
Batting: SHB Ozzie Smith
|
0-0: Called Strike 0-1: Foul Ball, location: 2F 0-2: Ball 1-2: Ball 2-2: Ball 3-2: SINGLE (Line Drive, 8RS, EV 106.3 MPH) Mike Heath to third Mike Heath scores
|
Batting: LHB Mitchell Page
|
0-0: Ball 1-0: Called Strike 1-1: Foul Ball, location: 2F 1-2: Fly out, F1 (Line Drive, P, EV 66.9 MPH)
|
Top of the 9th over - 1 run, 2 hits, 0 errors, 1 left on base; Chicago 4 - Oakland 2 |
BOTTOM OF THE 9TH |
Oakland Athletics batting - Pitching for Chicago White Sox : RHP Ray Corbin
|
Batting: LHB Reggie Jackson
|
0-0: SINGLE (Line Drive, 4D, EV 101.9 MPH)
|
Batting: RHB George Hendrick
|
0-0: Called Strike 0-1: Foul Ball, location: 2F 0-2: Fly out, F7 (Flyball, 7D, EV 85.6 MPH)
|
Batting: RHB Barry Evans
|
0-0: Ball 1-0: Swinging Strike 1-1: Ball 2-1: Ball 3-1: Base on Balls Reggie Jackson to second
|
Batting: LHB Ben Oglivie
|
0-0: Fly out, F4 (Line Drive, 4, EV 65.6 MPH)
|
Batting: RHB Fred Andrews
|
0-0: Fielders Choice at 2nd, U6 (Groundball, 6M, EV 98.1 MPH)
|
Bottom of the 9th over - 0 runs, 1 hit, 0 errors, 2 left on base; Chicago 4 - Oakland 2 |
|